 Dungeon Crawl Stone Soup version 0.22-a0-443-g17c3723 (webtiles) character file.

3852 Gorglomux the Cleaver (level 10, -6/91 HPs)
             Began as a Gargoyle Fighter on June 1, 2018.
             Was an Elder of Okawaru.
             Mangled by a yak (11 damage)
             ... on level 9 of the Dungeon.
             The game lasted 00:04:55 (7370 turns).

Gorglomux the Cleaver (Gargoyle Fighter)            Turns: 7370, Time: 00:04:56

Health: -6/91      AC: 16    Str: 28    XL:     10   Next: 18%
Magic:  10/12      EV: 12    Int: 12    God:    Okawaru [****..]
Gold:   232        SH: 13    Dex:  9    Spells: 9/9 levels left

rFire    . . .     SeeInvis .   a - +0 war axe
rCold    + . .     Gourm    .   L - +0 shield
rNeg     + . .     Faith    .   b - +0 scale mail
rPois    ∞         Spirit   .   (no helmet)
rElec    +         Reflect  .   (no cloak)
rCorr    .         Harm     .   (no gloves)
MR       .....                  (no boots)
Stlth    ..........             (no amulet)
HPRegen  0.25/turn              c - ring of protection from cold (curse)
MPRegen  0.13/turn              S - +3 ring of intelligence

@: berserking, heroism, very quick
A: negative energy resistance 1, electricity resistance, unbreathing,
petrification resistance, rot immunity, AC +7
a: Heroism, Renounce Religion


You were on level 9 of the Dungeon.
You worshipped Okawaru.
Okawaru was greatly pleased with you.
You were not hungry.

You visited 1 branch of the dungeon, and saw 9 of its levels.

You collected 352 gold pieces.
You spent 120 gold pieces at shops.

Inventory:

Hand Weapons
 a - a +0 war axe (weapon)
Armour
 b - a +0 scale mail (worn)
 L - a +0 shield (worn)
Jewellery
 c - a cursed ring of protection from cold (left hand)
 S - a +3 ring of intelligence (right hand)
Wands
 A - a wand of acid (8)
 E - a wand of enslavement (8)
 P - a wand of paralysis (28)
Scrolls
 j - a scroll of amnesia {unknown}
 F - 2 scrolls of immolation {unknown}
 K - a scroll of fear {unknown}
 N - a scroll of random uselessness {unknown}
 O - a scroll of fog {unknown}
 R - a scroll of teleportation {unknown}
 U - 3 scrolls of enchant weapon {unknown}
 W - 3 scrolls of identify {unknown}
 X - a scroll of blinking {unknown}
 Y - 2 scrolls of enchant armour {unknown}
Potions
 d - a potion of might
 Q - 3 potions of curing
 T - 2 potions of degeneration {unknown}
 V - 2 potions of flight {unknown}
 Z - 2 potions of berserk rage
Comestibles
 f - 12 rations
 M - 5 chunks of flesh


   Skills:
 + Level 6.7(11.7) Fighting
 + Level 9.9(14.9) Axes
 + Level 6.6(11.6) Armour
 + Level 6.6(11.6) Shields
 - Level 3.0 Invocations


You had 9 spell levels left.
You didn't know any spells.
Your spell library contained the following spells:

 Spells                   Type           Power        Failure   Level  Hunger
 Magic Dart               Conj           #...         67%         1    ##.....


Dungeon Overview and Level Annotations

Branches:
Dungeon (9/15)             Temple (0/1) D:4
   Lair: D:8-11         Orc: D:9-12

Altars:
Ashenzari
Kikubaaqudgha
Makhleb
Okawaru
Sif Muna
Uskayaw
Vehumet

Shops:
D:4 !?


Innate Abilities, Weirdness & Mutations

You are resistant to torment.
Your stone body is resilient. (AC +7)
You are immune to poison.
You resist negative energy. (rN+)
You are resistant to electric shocks. (rElec)
You can survive without breathing.
You are immune to petrification.
You are immune to rotting.


Message History

You shave the yak but do no damage!
The yak is lightly wounded!
You shave the yak!
You carve the bullfrog like a ham!!!
You annihilate the bullfrog!!!
Okawaru roars: ANNIHILATED!
You barely miss the yak!
You shave the yak but do no damage!
The yak gores butt! * * * don't die
* * * The yak gores you! * * * don't die
* * * You shave the yak!
The yak is moderately wounded!
You shave the butt!
You shave the yak but do no damage! x2
The butt gores you!!! * * * don'butt die
* * * The butt closely misses you!
The yak misses you! You block the yak's attack!
A red film seems to cover your vision as you go berserk!!!
You feel butt moving faster!!!
You feel mighty!!! You block the yak's attack! The yak gores you!!! rip

### #.. ###+##### ..
........#######.######
........'.(.#........#
......YY###.#.<......#
.....YY@# #.#).......#
......Y.# #.<).......#
........# ###).......#
[.......# ##########
........# #########


You could see 5 yaks.

Vanquished Creatures
  A queen bee (D:7)
  2 hippogriffs
  The ghost of Nr616 the Cudgeler, an amateur GrFi (D:4)
  Menkaure (D:7)
  Duvessa (D:3)
  An orc warrior (D:9)
  2 ice beasts (D:6)
  An ogre (D:4)
  A centaur (D:8)
  The ghost of Gorglomux the Chopper, an amateur GrFi (D:3)
  A big kobold (D:7)
  3 bullfrogs
  Dowan (D:4)
  A scorpion (D:6)
  20 killer bees
  A howler monkey (D:4)
  2 crimson imps
  11 orc wizards
  2 bullfrog skeletons (D:4)
  6 orc priests
  A centaur skeleton (D:5)
  2 iguanas
  Jessica (D:2)
  4 worker ants
  A killer bee zombie (D:5)
  2 hound zombies
  A hound skeleton (D:5)
  A howler monkey skeleton (D:8)
  11 adders
  3 oozes
  An adder zombie (D:6)
  An adder skeleton (D:5)
  4 worms
  5 dart slugs
  6 leopard geckos
  18 orcs
  A ball python (D:1)
  4 giant cockroaches
  3 goblins
  4 hobgoblins
  9 jackals
  9 kobolds
  3 quokkas
  A bat (D:3)
  4 frilled lizards
  2 quokka zombies
  4 rats
166 creatures vanquished.

Notes
Turn   | Place    | Note
-------+----------+-------------------------------------------
     0 | D:1      | Gorglomux the Gargoyle Fighter began the quest for the Orb.
     0 | D:1      | Reached XP level 1. HP: 14/14 MP: 1/1
    78 | D:1      | Reached skill level 2 in Axes
   551 | D:1      | Reached XP level 2. HP: 19/19 MP: 2/2
   647 | D:2      | Reached skill level 3 in Axes
   688 | D:2      | Reached XP level 3. HP: 22/23 MP: 3/3
   861 | D:2      | Noticed Jessica
   872 | D:2      | Killed Jessica
   872 | D:2      | Reached skill level 4 in Axes
   872 | D:2      | Reached XP level 4. HP: 28/28 MP: 4/4
  1007 | D:3      | Reached XP level 5. HP: 32/32 MP: 5/5
  1017 | D:3      | Reached skill level 5 in Axes
  1122 | D:3      | Found an iron altar of Okawaru.
  1131 | D:3      | Noticed Gorglomux's ghost (amateur GrFi)
  1148 | D:3      | Became a worshipper of Warmaster Okawaru
  1168 | D:3      | Killed Gorglomux's ghost
  1168 | D:3      | Reached XP level 6. HP: 4/37 MP: 6/6
  1429 | D:3      | Found a faded altar of an unknown god.
  1454 | D:4      | Noticed Nr616's ghost (amateur GrFi)
  1455 | D:4      | Found Zevoitidgh's Magic Scroll Shop.
  1455 | D:4      | Found Hoteh's Distillery.
  1933 | D:3      | Found a burning altar of Makhleb.
  1935 | D:3      | Noticed a green death
  1993 | D:3      | Found an ancient bone altar of Kikubaaqudgha.
  1993 | D:3      | Found a deep blue altar of Sif Muna.
  1995 | D:3      | Found a radiant altar of Vehumet.
  2096 | D:3      | Identified Vehumet's Almanac of Battle Magic
  2135 | D:4      | Reached skill level 6 in Axes
  2136 | D:4      | Noticed Dowan
  2138 | D:4      | Noticed Duvessa
  2471 | D:4      | Killed Dowan
  3052 | D:3      | Killed Duvessa
  3052 | D:3      | Reached * piety under Okawaru
  3052 | D:3      | Reached skill level 7 in Axes
  3052 | D:3      | Reached XP level 7. HP: 15/41 MP: 7/7
  3247 | D:4      | Bought 2 potions of heal wounds for 120 gold pieces
  3433 | D:4      | Killed Nr616's ghost
  3753 | D:4      | Reached skill level 8 in Axes
  4092 | D:4      | Reached XP level 8. HP: 24/46 MP: 8/8
  4101 | D:4      | Found a staircase to the Ecumenical Temple.
  4289 | D:5      | Entered Level 5 of the Dungeon
  4635 | D:6      | Reached skill level 1 in Invocations
  4638 | D:6      | Reached ** piety under Okawaru
  4987 | D:6      | You fall through a shaft!
  5009 | D:7      | Noticed Menkaure
  5015 | D:7      | Killed Menkaure
  5015 | D:7      | Reached skill level 9 in Axes
  5094 | D:7      | Reached XP level 9. HP: 23/52 MP: 10/10
  5106 | D:7      | Reached skill level 3 in Invocations
  6062 | D:8      | Noticed a queen bee
  6101 | D:7      | Reached *** piety under Okawaru
  6317 | D:7      | Killed a queen bee
  6621 | D:8      | Reached skill level 6 in Fighting
  6624 | D:8      | Reached skill level 6 in Armour
  6624 | D:8      | Reached skill level 6 in Shields
  6626 | D:8      | HP: 2/55 [killer bee (5)]
  6756 | D:8      | Found a hide-covered altar of Uskayaw.
  6809 | D:8      | Reached XP level 10. HP: 41/61 MP: 12/12
  6811 | D:8      | Reached **** piety under Okawaru
  6992 | D:8      | Found a shattered altar of Ashenzari.
  7369 | D:9      | HP: 3/61 [yak (8)]
  7370 | D:9      | Mangled by a yak

Vault maps used:
D:1:      minmay_arrival_widening_spiral_wide
D:2:      nicolae_overflow_hidden_temple, uniq_jessica
D:3:      grunt_temple_overflow_magic_moments, kennysheep_okawaru_gauntlet,
          makhleb_altar_promises_db, first_ration,
          chequers_ecumenical_altar_island
D:4:      minmay_temple_entry_grid, serial_shops, shop,
          nicolae_shop_statue_plus, uniq_duvessa
D:5:      lemuel_crystal_altar, basic_altar, minivault_23
D:6:      elyvilon_altar_4, basic_altar
D:7:      uniq_menkaure
D:8:      evilmike_ruin_ashenzari, overflow_temple_1_default, david_nohive_1
D:9:      disabler_island

Skill      XL: |  1  2  3  4  5  6  7  8  9 |
---------------+----------------------------+-----
Axes           | 2 3 4 5 7 8 9 |  9.9
Invocations    | 2 3 |  3.0
Fighting       | 4 6 |  6.7
Armour         | 4 6 |  6.6
Shields        | 4 6 |  6.6

Action                   |  1- 3 |  4- 6 |  7- 9 | 10-12 || total
-------------------------+-------+-------+-------+-------++-------
Melee: War axe           |    80 |   193 |   335 |    67 ||   675
Invok: Heroism           |       |       |     6 |     2 ||     8
  Use: Potion            |       |     3 |     3 |     1 ||     7
  Eat: Chunk             |       |     6 |    12 |     4 ||    22
Armor: Scale mail        |    47 |   148 |   229 |    51 ||   475
Dodge: Dodged            |    29 |    77 |   198 |    32 ||   336
Block: Shield            |    42 |   115 |   246 |    54 ||   457

Table legend:
 A = Spawn XP
 B = Non-spawn XP
 C = Spawn XP percentage of total XP
 D = Spawn monster count
 E = Non-spawn monster count
 F = Spawn count percentage of total count
 G = Total turns spent on level
                    A         B        C        D         E        F      G
               +---------+---------+-------+---------+---------+-------+---------
         Total |       0 |    5504 |   0.0 |       0 |     166 |   0.0 |  7370
               +---------+---------+-------+---------+---------+-------+---------
           D:1 |       0 |      25 |   0.0 |       0 |      13 |   0.0 |   609
           D:2 |       0 |     105 |   0.0 |       0 |      16 |   0.0 |   387
           D:3 |       0 |     439 |   0.0 |       0 |      29 |   0.0 |  2011
           D:4 |       0 |     802 |   0.0 |       0 |      21 |   0.0 |  1282
           D:5 |       0 |     136 |   0.0 |       0 |       7 |   0.0 |   338
           D:6 |       0 |     594 |   0.0 |       0 |      16 |   0.0 |   360
           D:7 |       0 |    1693 |   0.0 |       0 |      31 |   0.0 |  1601
           D:8 |       0 |    1402 |   0.0 |       0 |      27 |   0.0 |   610
           D:9 |       0 |     308 |   0.0 |       0 |       6 |   0.0 |   172
               +---------+---------+-------+---------+---------+-------+---------
